 Dungeon Crawl Stone Soup version 0.17-a0-2118-g63bad21 (webtiles) character file.

119 4thArraOfDagon the Chucker (level 5, 7/54 HPs)
             Began as an Ogre Hunter on Oct 20, 2015.
             Quit the game on level 4 of the Dungeon.
             The game lasted 00:03:35 (466 turns).

4thArraOfDagon the Chucker (Ogre Hunter)             Turns: 466, Time: 00:03:35

Health: 7/54       AC:  3    Str: 17    XL:     5   Next: 3%
Magic:  5/5        EV: 10    Int: 11    God:
Gold:   45         SH:  0    Dex: 10    Spells: 0 memorised, 4 levels left

rFire  . . .     SeeInvis .     a - +2 morningstar (curse)
rCold  . . .     Clarity  .     d - +0 robe
rNeg   . . .     SustAt   .     (no shield)
rPois  .         Gourm    .     (helmet restricted)
rElec  .         Spirit   .     (no cloak)
rCorr  .         Warding  .     (gloves unavailable)
rMut   .         Stasis   .     (boots unavailable)
MR     .....                    (no amulet)
Stlth  +.........               (no ring)
                                (no ring)

@: drained, not resistant to hostile enchantments, very unstealthy
A: unfitting armour, tough skin 1
a: no special abilities


You were on level 4 of the Dungeon.
You were not hungry.

You visited 1 branch of the dungeon, and saw 5 of its levels.
You also visited: Ossuary.

You collected 45 gold pieces.

Inventory:

Hand Weapons
 a - a cursed +2 morningstar (weapon)
 c - a +0 short sword
 h - a +0 whip
Armour
 d - a +0 robe (worn)
Scrolls
 g - a scroll of immolation
Comestibles
 e - 2 bread rations


   Skills:
 + Level 4.0(3.4) Fighting
 * Level 3.8(3.2) Maces & Flails
 - Level 4.0(3.3) Throwing
 + Level 2.8(2.2) Dodging
 - Level 0.7(0.1) Stealth


You had 4 spell levels left.
You didn't know any spells.

Dungeon Overview and Level Annotations

Branches:
Dungeon (5/15)
 Temple: D:4-7

Altars:
Cheibriados
Okawaru

Annotations:
D:4 Dowan, Duvessa


Innate Abilities, Weirdness & Mutations

You are too large for most types of armour.
You have tough skin (AC +1).


Message History

* * * LOW HITPOINT WARNING * * *
Unknown command.
Unknown command.
Dowan gestures wildly while chanting.
Dowan blinks!
Unknown command.
Duvessa says, "When magic and the sword combine, nothing stands against them."
Duvessa barely misses you.
Unknown command.
Unknown command.
Unknown command.
Duvessa hits you but does no damage.
Unknown command. 3 orcs and an orc priest come into view.
The orc shouts! x3
Unknown command.
Are you sure you want to abandon this character and quit the game? (Confirm with "yes".)
Okay, then.
Unknown command.
Are you sure you want to abandon this character and quit the game? (Confirm with "yes".)

...#.#..#######
#.#.#........#
#..e...####.## ..%..###.#
.##..## #.# .#.. ..###.#
.#.####..##ยง############
.#<...#..##....#..o.ooo.
.#..<.#..##..#.#@#
.#..#.#........#e###
.#....#.#..........#
[...###.#........#.#
........##.....###.#
#..................#
............#######
###########.# #.#


You could see Duvessa, an orc priest (wandering) and 3 orcs.

Vanquished Creatures
  2 wights (D:5)
  2 adders
  2 adder zombies (Ossuary)
  An orc (D:4)
  A ball python (D:3)
  2 giant cockroaches
  A goblin (D:2)
  2 jackals (D:2)
  A jackal zombie (D:5)
  A rat zombie (D:5)
15 creatures vanquished.

Notes
Turn   | Place    | Note
--------------------------------------------------------------
     0 | D:1      | 4thArraOfDagon the Ogre Hunter began the quest for the Orb.
     0 | D:1      | Reached XP level 1. HP: 22/22 MP: 1/1
    81 | D:2      | Reached skill level 1 in Maces & Flails
    81 | D:2      | Reached XP level 2. HP: 29/29 MP: 2/2
   226 | D:4      | Noticed Duvessa
   227 | D:4      | Noticed Dowan
   231 | D:5      | Entered Level 5 of the Dungeon
   233 | D:5      | Found a sand-covered staircase.
   250 | Ossuary  | Entered an ossuary
   264 | Ossuary  | Reached XP level 3. HP: 32/37 MP: 3/3
   329 | D:5      | Noticed a wight
   329 | D:5      | Noticed a wight
   329 | D:5      | Noticed a wight
   330 | D:5      | Noticed a wight
   330 | D:5      | Noticed a wight
   333 | D:5      | misclick
   385 | D:5      | Found a snail-covered altar of Cheibriados.
   386 | D:5      | Found an iron altar of Okawaru.
   391 | D:5      | Killed a wight
   391 | D:5      | Reached XP level 4. HP: 27/48 MP: 4/4
   391 | D:5      | Killed a wight
   391 | D:5      | Reached XP level 5. HP: 30/54 MP: 5/5
   466 | D:4      | Quit the game

Vault maps used:
D:1:      tarquinn_simple_flora_water_e
D:3:      minmay_stone_trees_small, minmay_misc_feat_more_columns
D:4:      bloody_trog, nicolae_overflow_crystal_walls, first_bread,
          fedhas_altar_1, uniq_sigmund, uniq_menkaure, uniq_duvessa
D:5:      gammafunk_temple_overflow_pools, enter_ossuary_3,
          makhleb_blood_cavern_becter
Ossuary:  ossuary_tomb_2

Action                   |  1- 3 |  4- 6 || total
-------------------------+-------+-------++-------
Melee: Whip              |    60 |       ||    60
       Morningstar       |       |     3 ||     3
Throw: Large rock        |    12 |     5 ||    17
       Throwing net      |     2 |     1 ||     3
  Use: Scroll            |     1 |       ||     1
       Potion            |       |     1 ||     1
 Stab: Sleeping          |     1 |       ||     1
